 Dungeon Crawl Stone Soup version 0.17-a0-119-g2b06fc5 (webtiles) character file.

1057 Ngotmuk the Basher (level 8, -12/68 HPs)
             Began as a Deep Dwarf Fighter on Mar 20, 2015.
             Mangled by an orc warrior
             ... wielding a cursed -2 dire flail
              (21 damage)
             ... on level 6 of the Dungeon.
             The game lasted 00:13:13 (3585 turns).

Ngotmuk the Basher (Deep Dwarf Fighter)             Turns: 3585, Time: 00:13:14

Health: -12/68     AC:  8    Str: 21    XL:     8   Next: 6%
Magic:  8/8        EV:  8    Int: 10    God:
Gold:   285        SH:  9    Dex: 12    Spells: 0 memorised, 7 levels left

rFire  . . .     SeeInvis .     t - +0 morningstar (holy)
rCold  . . .     Clarity  .     p - +2 ring mail {MR+}
rNeg   . . .     SustAb   .     c - +0 shield
rPois  .         Gourm    .     w - +0 helmet
rElec  .         Spirit   .     (no cloak)
rCorr  .         Warding  .     (no gloves)
rMut   .         Stasis   .     (no boots)
MR     +++..                    (no amulet)
Stlth  +.........               z - ring of flight
                                l - ring of protection from magic

@: non-regenerating, extremely resistant to hostile enchantments, very
unstealthy
A: damage resistance, recharge devices, sense surroundings 1, slow healing 3,
spit poison 1
a: Device Recharging, Spit Poison, Evoke Flight


You were on level 6 of the Dungeon.
You were full.

You visited 2 branches of the dungeon, and saw 7 of its levels.

You collected 285 gold pieces.

Inventory:

Hand weapons
 t - a +0 morningstar of holy wrath (weapon)
Armour
 c - a +0 shield (worn)
 p - a +2 ring mail of magic resistance (worn)
 w - a +0 helmet (worn)
 y - a troll hide {Purgy}
Jewellery
 i - an uncursed ring of protection from magic
 l - a ring of protection from magic (left hand)
 s - an uncursed ring of stealth
 x - a cursed -3 ring of dexterity {unknown}
 z - a ring of flight (right hand)
Magical devices
 d - a wand of heal wounds (1)
 u - a wand of random effects (33)
Scrolls
 a - 3 scrolls of amnesia
 b - a scroll of remove curse
 j - a scroll of identify
Potions
 e - 3 potions of might
 h - a potion of restore abilities
 k - a potion of ambrosia {unknown}
 m - 3 potions of magic
 o - a potion of lignification
 q - a potion of curing {unknown}
 v - 2 potions of heal wounds
Books
 n - a book of Maledictions

   Spells                             Type                      Level
   a - Corona                         Hexes                        1
   b - Sure Blade                     Hexes/Charms                 2
   c - Ensorcelled Hibernation        Hexes/Ice                    2
   d - Confuse                        Hexes                        3
   e - Dazzling Spray                 Conjuration/Hexes            3
   f - Enslavement                    Hexes                        4
Comestibles
 f - 2 bread rations
 g - 2 royal jellies


   Skills:
 - Level 2.6 Fighting
 * Level 9.6 Maces & Flails
 - Level 3.2 Armour
 - Level 3.2 Shields


You had 7 spell levels left.
You didn't know any spells.

Dungeon Overview and Level Annotations

Branches:
Dungeon (6/15)             Temple (1/1) D:4

Altars:
Ashenzari
Cheibriados
Elyvilon
Fedhas
Gozag
Kikubaaqudgha
Makhleb
Nemelex Xobeh
Okawaru
Qazlal
Sif Muna
Trog
Vehumet
Xom
Zin
The Shining One


Innate Abilities, Weirdness & Mutations

You are resistant to damage.
You can recharge devices by infusing magical energy.
You passively map a small area around you.
You do not heal naturally.
You can spit poison.


Message History

An orc comes into view. It is wielding a club.
You see here a shield.
The orc shouts!
The orc warrior hits you with an enchanted dire flail!!
There is a stone staircase leading up, spattered with blood here.
You hit the orc warrior!
The orc warrior is moderately wounded.
The orc warrior hits you with an enchanted dire flail!
* * * LOW HITPOINT WARNING * * *
You closely miss the orc warrior.
The orc warrior is moderately wounded.
The orc warrior barely misses you.
You barely miss the orc warrior.
The orc warrior is moderately wounded.
You block the orc warrior's attack.
You puncture the orc warrior!
The orc warrior is severely wounded.
The kobold closely misses you.
The orc warrior hits you with an enchanted dire flail!!
You die...

.#.# ,
##.##.#.# *
.......#.#
,*
*..........#
.........# ,
* ......#a#
, #...o#o#
#.#.#o#
#.Ka#@# *
##..#K#
,*#..#[#
##.#o# ,
##...###
,,,,,
#......# * ,
#........# *
* #........#
≈#.......##


You could see an orc warrior, a worker ant, 2 orcs and a kobold.

Vanquished Creatures
  The ghost of Pikaro the Carver, an average HESk (D:4)
  Purgy (D:3)
  3 ogres (D:4)
  A crimson imp (D:4)
  A hound (D:4)
  3 orc wizards (D:4)
  3 worker ants
  Ijyb (D:2)
  Terence (D:2)
  Robin (D:3)
  3 gnolls (D:2)
  12 adders
  2 giant mites
  A shadow imp (D:5)
  A worm (D:4)
  3 giant geckos
  3 oozes
  19 orcs
  A ball python (D:4)
  A bat skeleton (D:3)
  16 goblins
  14 hobgoblins
  3 quokkas
  10 bats
  A giant cockroach (D:3)
  4 giant newts
  4 jackals (D:5)
  14 kobolds
  6 rats
134 creatures vanquished.

Notes
Turn   | Place    | Note
--------------------------------------------------------------
     0 | D:1      | Ngotmuk, the Deep Dwarf Fighter, began the quest for the Orb.
     0 | D:1      | Reached XP level 1. HP: 20/20 MP: 1/1
   287 | D:1      | Reached XP level 2. HP: 18/27 MP: 2/2
   555 | D:2      | Reached XP level 3. HP: 18/33 MP: 3/3
   692 | D:2      | Noticed Terence
   700 | D:2      | Killed Terence
   700 | D:2      | Reached skill level 4 in Maces & Flails
   740 | D:2      | Reached XP level 4. HP: 13/40 MP: 4/4
   768 | D:2      | Noticed Ijyb
   777 | D:2      | Killed Ijyb
   843 | D:2      | Reached skill level 5 in Maces & Flails
  1094 | D:3      | Reached XP level 5. HP: 19/46 MP: 5/5
  1276 | D:3      | Found a stormy altar of Qazlal.
  1410 | D:3      | Noticed Robin
  1437 | D:3      | Killed Robin
  1498 | D:3      | Reached skill level 6 in Maces & Flails
  1651 | D:3      | Noticed Purgy
  1666 | D:4      | Noticed an ogre
  1676 | D:4      | Found a staircase to the Ecumenical Temple.
  1678 | D:4      | Killed an ogre
  1678 | D:4      | Reached XP level 6. HP: 41/55 MP: 6/6
  1695 | Temple   | Entered the Ecumenical Temple
  1939 | D:4      | Reached skill level 7 in Maces & Flails
  1956 | D:4      | Noticed Pikaro's ghost (average HESk)
  1963 | D:4      | Killed Pikaro's ghost
  1963 | D:4      | Reached XP level 7. HP: 27/61 MP: 7/7
  1981 | D:4      | Found a blossoming altar of Fedhas.
  1985 | D:4      | Noticed an ogre
  1989 | D:4      | Killed an ogre
  1989 | D:4      | Reached skill level 8 in Maces & Flails
  2139 | D:4      | Found an opulent altar of Gozag.
  2448 | D:4      | Reached skill level 9 in Maces & Flails
  2527 | D:4      | Found a burning altar of Makhleb.
  2528 | D:4      | Found a shimmering altar of Xom.
  2599 | D:3      | Killed Purgy
  2631 | D:3      | Gained mutation: You can spit poison. [potion of beneficial mutation]
  2887 | D:5      | Entered Level 5 of the Dungeon
  2901 | D:5      | Found a sparkling altar of Nemelex Xobeh.
  3006 | D:5      | Found an ancient bone altar of Kikubaaqudgha.
  3047 | D:5      | Reached XP level 8. HP: 45/68 MP: 8/8
  3143 | D:5      | Found an iron altar of Okawaru.
  3173 | D:5      | Found a radiant altar of Vehumet.
  3509 | D:5      | Found a glowing silver altar of Zin.
  3585 | D:6      | Mangled by an orc warrior

Action                   |  1- 3 |  4- 6 |  7- 9 || total
-------------------------+-------+-------+-------++-------
Melee: Flail             |    82 |    83 |       ||   165
       Morningstar       |       |   114 |   108 ||   222
Evoke: Wand              |       |     3 |     1 ||     4
  Use: Scroll            |       |       |     9 ||     9
       Potion            |       |       |     6 ||     6
 Stab: Sleeping          |       |     1 |       ||     1
  Eat: Meat ration       |       |     1 |     1 ||     2
       Royal jelly       |       |       |     1 ||     1
       Pizza             |       |       |     1 ||     1
